 Dungeon Crawl Stone Soup version 0.32-a0-975-g85d4e5bfdb (webtiles) character file.

Game seed: 5817090643713077893

91 Gadrel the Insei (level 4, -7/39 HPs)
             Began as a Kobold Shapeshifter on Apr 18, 2024.
             Was an Initiate of Yredelemnul.
             Killed by divine providence
             ... invoked by an orc priest
              (12 damage)
             ... on level 2 of the Dungeon.
             The game lasted 00:05:30 (1839 turns).

Gadrel the Insei (Kobold Shapeshifter)              Turns: 1839, Time: 00:05:31

Health: -7/39      AC: 22    Str: 13    XL:     4   Next: 88%
Magic:  13/13      EV:  3    Int: 11    God:    Yredelemnul [......]
Gold:   47         SH:  0    Dex: 14    Spells: 3/3 levels left

rFire   . .          .
                       - Unarmed
rCold   . . .        (no shield)
rNeg    . . .        a - melded +0 ring mail
rPois   +            (helmet currently unavailable)
rElec   .            (cloak currently unavailable)
rCorr   .            (gloves currently unavailable)
SInv    +            (boots currently unavailable)
Will    .....        k - amulet of regeneration
Stlth   +++          i - ring of magical power {MP+9}
HPRegen 1.06/turn    V - ring of see invisible {sInv, !d}
MPRegen 0.13/turn

%: no passive effects
@: tree-form, wreathed by umbra
A: stationary, stasis, torment immunity, boosted hp, small, no large weapons,
nightstalker 3
a: Renounce Religion, Light the Black Torch, Recall Undead Harvest


You were on level 2 of the Dungeon.
You worshipped Yredelemnul.
Yredelemnul was noncommittal.
You were a tree.
You visited 1 branch of the dungeon, and saw 4 of its levels.

You collected 47 gold pieces.

Inventory:

Hand Weapons
 g - a +0 sling
   (You found it on level 1 of the Dungeon)
Missiles
 s - 2 stones
Armour
 a - a +0 ring mail (melded)
   (You found it on level 4 of the Dungeon)
 f - a +1 pair of boots
   (You found it on level 1 of the Dungeon)
Jewellery
 h - an amulet of reflection
   (You found it on level 2 of the Dungeon)
 i - a ring of magical power (left branch) {MP+9}
   (You found it on level 2 of the Dungeon)
 k - an amulet of regeneration (around neck)
   (You found it on level 4 of the Dungeon)
 V - a ring of see invisible (right branch) {sInv, !d}
   (You found it on level 2 of the Dungeon)
Talismans
 c - a beast talisman (active)
 d - a flux talisman
Scrolls
 b - a scroll of fog
 m - a scroll of vulnerability {unknown}
 n - a scroll of identify {unknown}
Potions
 e - a potion of curing {unknown}
 j - a potion of heal wounds {unknown}
 l - a potion of berserk rage {unknown}


   Skills:
 + Level 2.2 Fighting
 - Level 3.1 Dodging
 - Level 2.1 Stealth
 + Level 3.5 Unarmed Combat
 + Level 0.5 Invocations
 + Level 3.4 Shapeshifting


You had 3 spell levels left.
You didn't know any spells.
Your spell library contained the following spells:

 Spells                   Type           Power      Damage    Failure   Level
 Hailstorm                Conj/Ice       0%         3d5       71%         3
 Summon Ice Beast         Ice/Summ       0%         N/A       71%         3
 Permafrost Eruption      Ice/Erth       0%         2x4d1     100%        6
 Sculpt Simulacrum        Ice/Alch       0%         N/A       100%        6


Dungeon Overview and Level Annotations

Branches:
Dungeon (4/15)
 Temple: D:4-7

Altars:
Yredelemnul


Innate Abilities, Weirdness & Mutations

You are a tree.
Your roots penetrate the ground, keeping you stationary.
You cannot be teleported.
You are immune to unholy pain and torment.
Your maximum health is greatly increased.
Your equipment is partially melded.
You are small and have problems with some larger weapons.
You are completely attuned to the shadows.


Message History

a - a +0 ring mail You start removing your armour.
You continue removing your +0 scale mail. x4
You finish removing your +0 scale mail.
You start putting on your armour.
You continue putting on your +0 ring mail. x5
You finish putting on your +0 ring mail.
You drop a +0 scale mail.
There is a stone staircase leading down here.
k - an amulet of regeneration
There is an open door here.
Found a basalt altar of Yredelemnul.
You start removing your amulet.
You continue removing your amulet of reflection. x4
You finish removing your amulet of reflection.
You start putting on your amulet.
You continue putting on your amulet of regeneration. x5
You finish putting on your amulet of regeneration.
k - an amulet of regeneration (around neck)
The amulet throbs as it attunes itself to your uninjured body.
There is a basalt altar of Yredelemnul here.
You open the door.
There is an open door here.
l - a bubbling green potion
Press: ? - help, . - travel You can't see that place. [a basalt altar of Yredelemnul.]
There is an open door here.
There is a basalt altar of Yredelemnul here.
You kneel at the altar of Yredelemnul.
Yredelemnul welcomes you!
You can now light the black torch and reap souls in Yredelemnul's name.
You can now recall your undead harvest.
Okay, then.
Unknown command.
Press < or > to pray at altars.
There is an open door here.
m - a scroll labelled KAZAOXT RAFO You pick up a book of the Tundra and begin reading...
You add the spells Hailstorm, Summon Ice Beast, Permafrost Eruption and Sculpt Simulacrum to your library.
Found a stone staircase leading up.
Found a stone staircase leading up.
There is a stone staircase leading up here.
You climb upwards.
There is a stone staircase leading down here.
Found a stone staircase leading up.
There is a stone staircase leading up here.
You climb upwards.
There is a stone staircase leading down here.
A kobold comes into view. It is wielding a +0 whip.
The helpless kobold fails to defend itself.
You hit the kobold but do no damage. The kobold closely misses you.
You hit the kobold.
You kill the kobold!
With your torch unlit, their soul goes wasted...
The dead are walking!
You swap places.
You see here a +0 whip.
n - a scroll labelled RULEEZIRIH You lift the black torch aloft and begin your conquest of Level 2 of the Dungeon in Yredelemnul's name!
The orc shouts! x2; You hear a shout! x2
You hit the orc wizard. The orc wizard barely misses you.
Your kobold zombie completely misses the orc.
You closely miss the orc wizard. The orc completely misses you.
The orc hits your kobold zombie with a +0 war axe!
Your kobold zombie is destroyed!
An orc comes into view. It is wielding a +0 hand axe.
The orc wizard hits you with a +0 dagger.
You take 3 damage, and have 23/26 hp.
You punch the orc wizard! The orc hits you but does no damage.
The orc misses you.
The orc wizard hits you but does no damage.
You hit the orc wizard. The orc hits you with a +0 war axe.
The orc hits you but does no damage. The orc wizard barely misses you.
The orc priest hits you but does no damage.
You take 5 damage, and have 19/26 hp.
You hit the orc wizard.
You kill the orc wizard!
Their soul becomes fuel for the torch.
The dead are walking!
The orc hits you with a +0 war axe! The orc hits you but does no damage.
The orc priest barely misses you.
You take 7 damage, and have 12/26 hp.
MASSIVE DAMAGE!!
You closely miss the orc priest. The orc misses you.
The orc hits you but does no damage. The orc closely misses you.
The orc priest mumbles some strange prayers to Beogh against you.
Pain shoots through your body!
* * * LOW HITPOINT WARNING * * *
You take 8 damage, and have 4/26 hp.
MASSIVE DAMAGE!!
Your transformation has ended.
You turn into a tree.
Your +0 ring mail melds into your body.
Your roots penetrate the ground.
Your orc wizard zombie hits the orc priest but does no damage.
The orc hits you but does no damage. x2; The orc hits you with a +0 war axe.
* * * LOW HITPOINT WARNING * * *
The orc priest calls down the wrath of Beogh upon you.
Beogh smites you!
You die...
Your body rises from the dead as a mindless zombie.

#....# #..##### #.##.# #....#
##.....#### #.#..# #....#
#####....####...## #....#
######...##..##. #....#
####÷...........#.. ###...>#
#....#########..... #......###
###.######...####.###
#.#......###.Z...# ≈≈~~~≈≈ #...#
##.#....#......o♣o####...####...#
#..########.....oo.........##...#
#.## ##......>.........##.... #.#
####................###.... ..#
#...................# #...# ###
#.###...............# #...# #
##.............## #.<.# !.
##.....#.....## ##### ##
#############


You could see an orc priest (ally target), 3 orcs and a friendly orc wizard
zombie.

Vanquished Creatures
  An orc wizard (D:2)
  An adder (D:2)
  2 ribbon worms (D:2)
  A dart slug (D:2)
  2 ball pythons
  4 bats
  4 endoplasms
  A giant cockroach (D:2)
  6 goblins
  3 hobgoblins (D:1)
  7 jackals
  3 quokkas
  3 frilled lizards
  7 kobolds
45 creatures vanquished.

Vanquished Creatures (others)
  A kobold zombie (D:2)
1 creature vanquished.

Grand Total: 46 creatures vanquished

Notes
Turn   | Place    | Note
-------+----------+-------------------------------------------
     0 | D:1      | Gadrel the Kobold Shapeshifter began the quest for the Orb.
     0 | D:1      | Reached XP level 1. HP: 12/12 MP: 1/1
   163 | D:1      | Reached XP level 2. HP: 16/16 MP: 2/2
   243 | D:1      | Reached skill level 1 in Stealth
   415 | D:1      | Reached XP level 3. HP: 20/20 MP: 3/3
  1090 | D:2      | Reached skill level 3 in Dodging
  1106 | D:2      | Reached XP level 4. HP: 13/26 MP: 4/4
  1302 | D:2      | Reached skill level 2 in Fighting
  1311 | D:2      | Reached skill level 2 in Stealth
  1586 | D:2      | You fall into a shaft and drop 2 floors!
  1630 | D:4      | Found a basalt altar of Yredelemnul.
  1690 | D:4      | Became a worshipper of Yredelemnul the Fallen
  1838 | D:2      | HP: 4/26 [orc priest/nerve-wracking pain (9)]
  1839 | D:2      | Killed from afar by an orc priest

Illustrated notes

Levels and vault maps discovered:
D:1:      dpeg_arrival_round_a, layout_basic
D:2:      layout_rooms, chequers_serial_rivers_micro_a
D:3:      layout_loops_ring, gammafunk_ghost_cemetery, grunt_decor_arrowhead,
          serial_bayou_lake_a
D:4:      minmay_inner_zag, layout_rooms, grunt_temple_overflow_opulence,
          mainiacjoe_overflow_surrounded_room

Skill      XL: |  1  2  3  4 |
---------------+-------------+-----
Stealth        | 1 2 |  2.1
Dodging        | 3 |  3.1
Fighting       | 2 |  2.2
Unarmed Combat | |  3.5
Invocations    | |  0.5
Shapeshifting  | |  3.4

Action                     |  1- 3 |  4- 6 || total
---------------------------+-------+-------++-------
  Melee: Unarmed           |   111 |    40 ||   151
         Punch             |     1 |     1 ||     2
  Throw: Stone             |     1 |       ||     1
 Invoke: Light the Black T |       |     1 ||     1
    Use: Scroll            |     3 |     1 ||     4
         Potion            |       |     1 ||     1
   Stab: Sleeping          |    10 |     5 ||    15
 Armour: Animal skin       |    38 |    21 ||    59
         Ring mail         |       |     9 ||     9
         Skin              |       |     3 ||     3
  Dodge: Dodged            |    74 |    32 ||   106
  Block: Other             |       |     2 ||     2

Table legend: (Time is in decaauts)
 A = Elapsed time spent in this place.
 B = Non-inter-level travel time spent in this place.
 C = Inter-level travel time spent in this place.
 D = Time resting spent in this place.
 E = Time spent auto-exploring this place.
 F = Levels seen in this place.
 G = Mean time per level.
                   A        B        C        D        E       F      G
               +--------+--------+--------+--------+--------+-----+--------+
         Total |   1828 |   1785 |     43 |     62 |   1348 |   4 |  457.0 |
       Dungeon |   1828 |   1785 |     43 |     62 |   1348 |   4 |  457.0 |
               +--------+--------+--------+--------+--------+-----+--------+

Top non-repeatable levels by time:
     D:1: 953 daAuts
     D:2: 710 daAuts
     D:4: 150 daAuts
     D:3: 13 daAuts

Levels and vault maps discovered:
D:1:      dpeg_arrival_round_a, layout_basic
D:2:      layout_rooms, chequers_serial_rivers_micro_a
D:3:      layout_loops_ring, gammafunk_ghost_cemetery, grunt_decor_arrowhead,
          serial_bayou_lake_a
D:4:      minmay_inner_zag, layout_rooms, grunt_temple_overflow_opulence,
          mainiacjoe_overflow_surrounded_room

Table legend: (Time is in decaauts)
 A = Elapsed time spent in this place.
 B = Non-inter-level travel time spent in this place.
 C = Inter-level travel time spent in this place.
 D = Time resting spent in this place.
 E = Time spent auto-exploring this place.
 F = Levels seen in this place.
 G = Mean time per level.
                   A        B        C        D        E       F      G
               +--------+--------+--------+--------+--------+-----+--------+
         Total |   1828 |   1785 |     43 |     62 |   1348 |   4 |  457.0 |
       Dungeon |   1828 |   1785 |     43 |     62 |   1348 |   4 |  457.0 |
               +--------+--------+--------+--------+--------+-----+--------+

Top non-repeatable levels by time:
     D:1: 953 daAuts
     D:2: 710 daAuts
     D:4: 150 daAuts
     D:3: 13 daAuts

Table legend:
 A = Kills in this place as a percentage of kills in the entire game.
 B = Kills by you in this place as a percentage of kills by you in the entire game.
 C = Kills by friends in this place as a percentage of kills by friends in the entire game.
 D = Other kills in this place as a percentage of other kills in the entire game.
 E = Experience gained in this place as a percentage of experience gained in the entire game.
 F = Experience gained in this place divided by the number of levels of this place that you have seen.
                   A       B       C       D       E      F
               +-------+-------+-------+-------+-------+----------------------
         Total | 100.0 | 100.0 |   N/A |   N/A | 100.0 |  32.8
       Dungeon | 100.0 | 100.0 |   N/A |   N/A | 100.0 |  32.8
               +-------+-------+-------+-------+-------+----------------------
